AoeStats
← Kryptzel

Black Forest

506993608Analyzed
4v4 RM · 16d ago on Sep 16, 2026· 47m 52s· 8 players
Game mode
Random Map
Map size
Large (8 player)
Population
200
Speed
Normal
Resources
Standard
Victory
Conquest
Starting age
Dark Age
Ending age
Imperial Age
RankedLock teamsTeams togetherTeam positionsShared explorationLock speedFull tech treeHidden civsTurbo modeCheats
Victory
Defeat
🇨🇴 Gurjaras · Colombia
628
+12
🇨🇦 Malians · Canada
601
+13
🇨🇦 Franks · Canada
592
+14
🇲🇽 Spanish · Mexico
590
+14
🇵🇪 Poles · Peru
586
-16
🇲🇽 Romans · Mexico
568
-14
🇨🇴 Wei · Colombia
522
-12
🇨🇱 Britons · Chile
491
-11
Oblivion280195
9:17 Loom
12:27 Feudal Age
13:03 Double-Bit Axe
13:40 Horse Collar
23:03 Castle Age
22:40 Gold Mining
22:40 Stone Mining
23:01 Stone Mining
25:07 Bow Saw
26:30 Heavy Plow
30:48 Light Cavalry
31:30 Husbandry
31:21 Elite Skirmisher
32:07 Thumb Ring
32:17 Padded Archer Armor
32:08 Fletching
33:30 Leather Archer Armor
38:29 Imperial Age
41:02 Conscription
41:32 Parthian Tactics
42:55 Pikeman
43:36 Squires
43:22 Arson
43:49 Halberdier
48:37 Chemistry
47:57 Ballistics
axizzz3pam
9:27 Loom
13:06 Feudal Age
15:56 Loom
18:29 Castle Age
18:06 Double-Bit Axe
24:08 Wheelbarrow
24:25 Horse Collar
28:01 Man-at-Arms
28:36 Fletching
28:57 Forging
28:44 Town Watch
30:28 Squires
36:41 Imperial Age
35:05 Iron Casting
34:35 Scale Barding Armor
35:02 Hand Cart
35:30 Ballistas
38:54 Conscription
39:49 Chemistry
39:01 Fortified Wall
39:41 Capped Ram
40:49 Long Swordsman
41:53 Legionary
42:41 Heavy Scorpion
42:58 Pikeman
Kryptzel
14:31 Feudal Age
15:57 Wheelbarrow
15:05 Horse Collar
15:12 Double-Bit Axe
17:08 Gold Mining
16:42 Man-at-Arms
20:33 Arson
25:11 Castle Age
23:53 Fishing Lines
24:56 Scale Mail Armor
25:13 Stone Mining
26:04 Heavy Plow
26:05 Long Swordsman
27:08 Gillnets
27:49 Bow Saw
29:00 Hand Cart
29:02 Treadmill Crane
30:25 Stone Shaft Mining
30:27 Caravan
34:15 Squires
37:41 Imperial Age
39:44 Two-Handed Swordsman
39:58 Onager
41:37 Szlachta Privileges
42:25 Champion
NeoBoomer
Fake Chimono
0:34 Loom
17:29 Feudal Age
20:20 Horse Collar
20:29 Double-Bit Axe
20:29 Man-at-Arms
20:55 Arson
23:24 Fishing Lines
23:50 Gold Mining
25:42 Wheelbarrow
28:13 Castle Age
27:11 Stone Mining
27:36 Forging
31:19 Heavy Plow
31:36 Bow Saw
37:07 Imperial Age
35:07 Gambesons
34:42 Long Swordsman
35:29 Inquisition
35:57 Squires
35:17 Pikeman
39:57 Elite Conquistador
43:59 Supremacy
45:46 Thumb Ring
45:02 Elite Skirmisher
45:53 Husbandry
45:14 Light Cavalry
47:02 Conscription
fertilii
13:43 Feudal Age
14:04 Man-at-Arms
15:59 Wheelbarrow
25:23 Castle Age
26:09 Double-Bit Axe
26:20 Horse Collar
30:18 Hand Cart
30:49 Gold Mining
32:17 Stone Mining
33:04 Gold Shaft Mining
34:49 Stone Shaft Mining
35:55 Ballistics
35:45 Fortified Wall
38:32 Imperial Age
36:39 Murder Holes
36:57 Scale Mail Armor
37:16 Tigui
39:40 Bow Saw
41:03 Conscription
41:48 Chemistry
41:53 Elite Gbeto
Balardroch
0:54 Loom
12:20 Feudal Age
13:50 Horse Collar
14:02 Double-Bit Axe
15:17 Wheelbarrow
14:29 Town Watch
19:58 Castle Age
23:37 Horse Collar
25:49 Fervor
26:11 Heavy Plow
33:17 Imperial Age
31:04 Gold Mining
31:09 Stone Mining
33:53 Hand Cart
34:11 Caravan
35:27 Chemistry
34:49 Ballistics
34:21 Treadmill Crane
35:14 Bow Saw
35:40 Forging
35:31 Scale Mail Armor
38:08 Iron Casting
37:49 Chain Mail Armor
41:04 Elite Chakram Thrower
41:51 Kshatriyas
43:26 Conscription
47:41 Gold Shaft Mining
luis
10:42 Feudal Age
18:18 Castle Age
17:20 Double-Bit Axe
18:13 Wheelbarrow
36:37 Imperial Age
34:31 Hand Cart
34:02 Town Watch
34:03 Loom
34:11 Gold Mining
34:13 Stone Mining
36:21 Gold Shaft Mining
36:05 Forging
36:00 Scale Barding Armor
37:26 Iron Casting
37:14 Bow Saw
38:05 Chain Barding Armor
39:12 Husbandry
40:20 Blast Furnace
38:43 Cavalier
39:33 Squires
38:53 Pikeman
40:12 Chivalry
40:33 Conscription
40:09 Paladin
41:35 Plate Barding Armor
46:07 Masonry
46:59 Chemistry
46:20 Ballistics
46:21 Caravan
46:42 Fletching
46:53 Padded Archer Armor
46:54 Scale Mail Armor
Connection lost

Rejoining the realm…

Still unreachable

The connection could not be restored.

Session expired

The server has moved on; the page needs a fresh start.